 Dungeon Crawl Stone Soup version 0.20.1-1-g8b1a95d (webtiles) character file.

795 arttle the Geomancer (level 7, -7/36 HPs)
             Began as a Gargoyle Earth Elementalist on Oct 22, 2017.
             Was a Follower of Vehumet.
             Mangled by an orc warrior
             ... wielding a +0 glaive
              (17 damage)
             ... on level 5 of the Dungeon on Oct 23, 2017.
             The game lasted 00:33:00 (6022 turns).

arttle the Geomancer (Gargoyle Earth Elementalist)  Turns: 6022, Time: 00:33:01

Health: -7/36      AC: 11    Str: 12    XL:     7   Next: 89%
Magic:  4/14       EV:  9    Int: 17    God:    Vehumet [*.....]
Gold:   395        SH:  3    Dex: 10    Spells: 6/15 levels left

rFire    + . .     SeeInvis .   g - +0 flail
rCold    . . .     Gourm    .   C - +0 buckler
rNeg     + . .     Faith    .   o - +2 ring mail {rF+}
rPois    ∞         Spirit   .   (no helmet)
rElec    +         Reflect  .   (no cloak)
rCorr    .         Harm     .   (no gloves)
MR       .....                  (no boots)
Stlth    +.........             (no amulet)
Regen    0.2/turn               (no ring)
MPRegen  0.2/turn               (no ring)

@: very slightly contaminated
A: negative energy resistance 1, electricity resistance, unbreathing,
petrification resistance, rot immunity, AC +4
a: Renounce Religion


You were on level 5 of the Dungeon.
You worshipped Vehumet.
Vehumet was aware of your devotion.
You were not hungry.

You visited 2 branches of the dungeon, and saw 6 of its levels.

You collected 395 gold pieces.

Inventory:

Hand Weapons
 g - a +0 flail (weapon)
Missiles
 b - 19 stones (quivered)
Armour
 c - a +0 robe
 o - a +2 ring mail of fire resistance (worn)
 u - a +0 robe
 v - a +0 robe
 C - a +0 buckler (worn)
Jewellery
 p - a cursed ring of teleportation {unknown}
 q - an uncursed ring of positive energy {unknown}
 s - an uncursed ring of magical power {unknown}
 w - an uncursed ring of stealth {unknown}
Wands
 F - a wand of acid (7/15)
Scrolls
 f - 2 scrolls of immolation
 n - 2 scrolls of enchant weapon
 t - a scroll of identify
 x - a scroll of fog
 y - a scroll of teleportation {unknown}
 B - 2 scrolls of fear {unknown}
 D - a scroll of enchant armour
Potions
 h - 2 potions of degeneration
 i - a potion of lignification
 j - a potion of brilliance
 k - a potion of invisibility {unknown}
 m - 5 potions of heal wounds {unknown}
 E - 2 potions of magic {unknown}
Books
 e - a book of Geomancy

   Spells                             Type                      Level
   a - Sandblast                      Earth                        1
   b - Passwall                       Transmutation/Earth          2
   c - Stone Arrow                    Conjuration/Earth            3
   d - Petrify                        Transmutation/Earth          4
   e - Lee's Rapid Deconstruction     Earth                        5
 r - a book of Callings

   Spells                             Type                      Level
   a - Summon Small Mammal            Summoning                    1
   b - Call Imp                       Summoning                    2
   c - Call Canine Familiar           Summoning                    3
   d - Summon Guardian Golem          Hexes/Summoning              3
   e - Summon Lightning Spire         Summoning/Air                4
   f - Summon Ice Beast               Ice/Summoning                4
Comestibles
 a - a royal jelly
 d - 3 bread rations
 l - a meat ration
 A - 6 fruits


   Skills:
 - Level 1.5 Dodging
 - Level 2.1 Stealth
 - Level 4.6 Spellcasting
   Level 0.7 Transmutations
 * Level 9.2 Earth Magic


You had 6 spell levels left.
You knew the following spells:

 Your Spells              Type           Power        Failure   Level  Hunger
a - Sandblast             Erth           #####.       1%          1    None
e - Lee's Rapid Deconstr  Erth           #####.....   34%         5    ######.
z - Stone Arrow           Conj/Erth      ###...       24%         3    ###....


Dungeon Overview and Level Annotations

Branches:
Dungeon (5/15)             Temple (1/1) D:4

Altars:
Cheibriados
Dithmenos
Fedhas
Hepliaklqana
Kikubaaqudgha
Makhleb
Uskayaw
Vehumet
Yredelemnul

Shops:
D:4 :   D:5 [


Innate Abilities, Weirdness & Mutations

You are resistant to torment.
Your stone body is resilient. (AC +4)
You are immune to poison.
You resist negative energy. (rN+)
You are resistant to electric shocks. (rElec)
You can survive without breathing.
You are immune to petrification.
You are immune to rotting.


Message History

Confirm with . or Enter, or press ? or * to list all spells.
Aiming: Sandblast
Press: ? - help, Shift-Dir - straight line, f/p - orc wizard
Aim: an orc wizard, wielding a dagger and wearing a robe (severely wounded)
The blast of sand hits the orc wizard.
You kill the orc wizard!
Vehumet accepts your kill.
b - 20 stones The orc warrior hits you from afar with a glaive!
* * * LOW HITPOINT WARNING * * *
Casting: Sandblast
Confirm with . or Enter, or press ? or * to list all spells.
Aiming: Sandblast
Press: ? - help, Shift-Dir - straight line, f - orc warrior
Aim: an orc warrior, wielding a glaive and wearing a plate armour The blast of sand hits the orc warrior.
The orc warrior is lightly wounded.
b - 19 stones The orc warrior hits you from afar with a glaive!
You die...

# # .# #. .#
#.#######.#.#
....#.)oo.# #..#@#
#..#.# ##....###.#
#.........#
#.....###.# #..#..#
#.# #..##.# #.#
#..##.# #.#
#..##.###.############


You could see an orc warrior and an orc priest.

Vanquished Creatures
  Sigmund (D:2)
  An ogre (D:4)
  A vampire bat (D:4)
  An orc priest (D:4)
  2 orc wizards
  An iguana (D:5)
  A worker ant (D:4)
  11 adders
  7 gnolls
  An adder skeleton (D:5)
  2 worms
  3 fire bats (D:4)
  6 leopard geckos
  9 orcs
  2 spectral bats (D:4)
  3 bat skeletons (D:4)
  A bat zombie (D:4)
  10 giant cockroaches
  2 gnoll zombies (D:2)
  13 goblins
  10 hobgoblins
  3 jackals (D:1)
  5 kobolds
  2 quokkas (D:2)
  2 ball pythons
  19 bats
  A bat simulacrum (D:4)
  5 frilled lizards
  A jackal skeleton (D:4)
  6 rats
132 creatures vanquished.

Notes
Turn   | Place    | Note
-------+----------+-------------------------------------------
     0 | D:1      | arttle the Gargoyle Earth Elementalist began the quest for the Orb.
     0 | D:1      | Reached XP level 1. HP: 10/10 MP: 3/3
   219 | D:1      | Reached XP level 2. HP: 15/15 MP: 1/5
   250 | D:1      | Reached skill level 4 in Earth Magic
   640 | D:1      | Reached XP level 3. HP: 19/19 MP: 4/6
  1017 | D:2      | Reached skill level 5 in Earth Magic
  1181 | D:2      | Noticed Sigmund
  1306 | D:3      | Reached XP level 4. HP: 19/24 MP: 3/8
  1371 | D:3      | Learned a level 3 spell: Stone Arrow
  2219 | D:3      | Reached XP level 5. HP: 28/28 MP: 5/9
  2532 | D:4      | Reached skill level 6 in Earth Magic
  2909 | D:4      | Found Wouzuo's Book Shop.
  2949 | D:4      | Reached XP level 6. HP: 11/32 MP: 0/11
  3221 | D:4      | Found a staircase to the Ecumenical Temple.
  3230 | Temple   | Entered the Ecumenical Temple
  3341 | Temple   | Became a worshipper of Vehumet
  3393 | D:4      | Learned a level 5 spell: Lee's Rapid Deconstruction
  3512 | D:4      | Reached skill level 7 in Earth Magic
  3884 | D:4      | Reached XP level 7. HP: 32/36 MP: 11/13
  4062 | D:4      | Reached * piety under Vehumet
  4062 | D:4      | Offered knowledge of Magic Dart by Vehumet.
  4370 | D:4      | Reached skill level 8 in Earth Magic
  4687 | D:2      | Killed Sigmund
  5138 | D:2      | Reached skill level 9 in Earth Magic
  5350 | D:2      | Found a basalt altar of Yredelemnul.
  5612 | D:5      | Entered Level 5 of the Dungeon
  5616 | D:5      | Found an ancient bone altar of Kikubaaqudgha.
  5663 | D:5      | Found Geosoenei's Armour Boutique.
  5944 | D:5      | Offered knowledge of Shock by Vehumet.
  6022 | D:5      | Mangled by an orc warrior

Skill      XL: |  1  2  3  4  5  6  7 |
---------------+----------------------+-----
Earth Magic    | 4 5 6 7 9 |  9.2
Spellcasting   | 3 4 |  4.6
Dodging        | |  1.5
Stealth        | |  2.1
Transmutations | |  0.7

Action                   |  1- 3 |  4- 6 |  7- 9 || total
-------------------------+-------+-------+-------++-------
Melee: Unarmed           |    14 |     2 |       ||    16
       Flail             |       |   112 |    50 ||   162
 Cast: Sandblast         |    44 |    67 |    40 ||   151
       Stone Arrow       |       |    10 |    24 ||    34
  Use: Scroll            |       |     7 |     2 ||     9
 Stab: Sleeping          |       |       |     1 ||     1
  Eat: Chunk             |     2 |    10 |     9 ||    21
Armor: Robe              |     1 |       |       ||     1
       Ring mail         |    10 |   161 |    50 ||   221
Dodge: Dodged            |    18 |   130 |    64 ||   212
